 Dungeon Crawl Stone Soup version 0.31.0-4-g52a2dc7128 (webtiles) character file.

Game seed: 5032997581137972867

65 dialectric the Ruffian (level 3, -9/28 HPs)
             Began as a Minotaur Shapeshifter on Jan 21, 2024.
             Killed from afar by Ijyb (15 damage)
             ... with a bolt of dispelling energy
             ... on level 3 of the Dungeon.
             The game lasted 00:02:25 (1691 turns).

dialectric the Ruffian (Minotaur Shapeshifter)      Turns: 1691, Time: 00:02:26

Health: -9/28      AC:  2    Str: 18    XL:     3   Next: 92%
Magic:  2/2        EV: 12    Int:  7    God:
Gold:   40         SH:  0    Dex: 11    Spells: 2/2 levels left

rFire   . .          .
                       - Unarmed
rCold   . . .        (no shield)
rNeg    . . .        a - +0 animal skin
rPois   .            (helmet currently unavailable)
rElec   .            (cloak currently unavailable)
rCorr   .            (gloves currently unavailable)
SInv    .            (boots currently unavailable)
Will    .....        (no amulet)
Stlth   +            (no ring)
HPRegen 0.24/turn    (no ring)
MPRegen 0.08/turn

%: no passive effects
@: beast-form
A: beast (slay +1), horns 2, retaliatory headbutt
a: Begin Untransformation


You were on level 3 of the Dungeon.
You were a hulking beast.
You visited 1 branch of the dungeon, and saw 3 of its levels.

You collected 120 gold pieces.
You spent 80 gold pieces at shops.

Inventory:

Hand Weapons
 q - a +0 quarterstaff
Armour
 a - a +0 animal skin (worn)
 m - a +0 cloak
 p - a +0 pair of boots
Talismans
 c - a beast talisman
 d - a flux talisman
Scrolls
 e - 2 scrolls of teleportation {unknown}
 f - 2 scrolls of blinking {unknown}
 i - a scroll of identify {unknown}
 j - 3 scrolls of noise {unknown}
 k - a scroll of fog {unknown}
 l - 2 scrolls of poison {unknown}
Potions
 b - 2 potions of lignification
 g - a potion of degeneration {unknown}
 h - 2 potions of haste {unknown}
 n - a potion of heal wounds
 o - a potion of curing


   Skills:
 + Level 1.6 Fighting
 - Level 2.0 Armour
 + Level 2.8 Dodging
 - Level 0.2 Stealth
 - Level 3.3 Unarmed Combat
 - Level 3.1 Shapeshifting


You had 2 spell levels left.
You didn't know any spells.
Your spell library contained the following spells:

 Spells                   Type           Power      Damage    Failure   Level
 Summon Small Mammal      Summ           0%         N/A       43%         1
 Call Canine Familiar     Summ           0%         N/A       80%         3
 Gell's Gravitas          Tloc           0%         N/A       80%         3
 Teleport Other           Tloc           0%         N/A       80%         3
 Summon Blazeheart Golem  Fire/Summ      0%         N/A       99%         4
 Dispersal                Tloc           0%         N/A       100%        6


Dungeon Overview and Level Annotations

Branches:
Dungeon (3/15)

Altars:

Shops:
D:1 *!**

Annotations:
D:3 Ijyb


Innate Abilities, Weirdness & Mutations

You are a hulking beast.
Your limbs bulge with bestial killing power. (Slay +1)
You have a pair of horns on your head.
You reflexively headbutt those who attack you in melee.


Message History

You hit the goblin.
The goblin is heavily wounded.
The goblin hits you but does no damage.
You hit the goblin.
You kill the goblin!
You hit the goblin.
The goblin is heavily wounded.
The goblin hits you with a +0 dagger.
You closely miss the goblin. Your headbutt misses the goblin.
The goblin is heavily wounded.
The goblin hits you but does no damage.
You closely miss the goblin. You headbutt the goblin.
You kill the goblin!
You hit the goblin. Your headbutt misses the goblin.
The goblin is severely wounded.
The goblin closely misses you.
You hit the goblin.
You kill the goblin!
Items here: )))))) ††.
Ijyb the Twisted Goblin comes into view.
She is wielding a +0 short sword and carrying a wand of quicksilver.
Ijyb is nearby!
Ijyb is nearby!
Ijyb hits you with a +0 short sword.
Ijyb is nearby!
You hit Ijyb.
Ijyb is moderately wounded.
Ijyb zaps a wand.
The bolt of dispelling energy misses you.
You closely miss Ijyb. You headbutt Ijyb!
Ijyb is heavily wounded.
Ijyb zaps a wand.
The bolt of dispelling energy hits you!!
Ouch! That really hurt!
* * * LOW HITPOINT WARNING * * *
You are too injured to fight recklessly!
You barely miss Ijyb.
Ijyb is heavily wounded.
Ijyb zaps a wand.
The bolt of dispelling energy hits you!
Ouch! That really hurt!
You die...

#.......# #8.....8#
#.......#
..###8.....8#
#...........#.#
....... #..........#
....... ####.....#..
....... #g###.#
.......#.#####h#.# #
.......#.........# #
.......######.####.#
..............)[...#
..............######
..............##
#####..†.†..........
#...............
##.......######.


You could see Ijyb.

Vanquished Creatures
  2 adders
  A dart slug (D:3)
  2 ribbon worms (D:2)
  3 endoplasms
  A giant cockroach (D:1)
  8 goblins
  2 hobgoblins
  2 kobolds (D:2)
  A quokka (D:1)
  4 ball pythons
  3 bats
  5 frilled lizards (D:1)
  5 rats
39 creatures vanquished.

Notes
Turn   | Place    | Note
-------+----------+-------------------------------------------
     0 | D:1      | dialectric the Minotaur Shapeshifter began the quest for
                  | the Orb.
     0 | D:1      | Reached XP level 1. HP: 16/16 MP: 0/0
   140 | D:1      | Found Tatsuad's Distillery.
   228 | D:1      | Reached XP level 2. HP: 23/23 MP: 1/1
   410 | D:1      | Found Hoijibor's General Store.
   436 | D:1      | Found Qequq's General Store.
   576 | D:1      | You fall into a shaft and drop 1 floor!
   602 | D:2      | Reached skill level 1 in Armour
   995 | D:2      | Reached XP level 3. HP: 20/28 MP: 2/2
  1409 | D:1      | Bought a potion of heal wounds for 50 gold pieces
  1409 | D:1      | Bought a potion of curing for 30 gold pieces
  1566 | D:1      | Found Ziwijiqas's General Store.
  1684 | D:3      | Noticed Ijyb
  1691 | D:3      | Killed from afar by Ijyb

Illustrated notes

Levels and vault maps discovered:
D:1:      orjb1_lava_funnel, layout_loops_corners, serial_shops,
          nicolae_diamond_shop, shop, shop, nicolae_shop_behind_doors,
          wander_ebering_terrifying_dragon_lair
D:2:      layout_rooms, serial_curves, eino_curves_02, eino_curves_01
D:3:      kennysheep_the_goblin_king, layout_basic, kennysheep_generic_room_12

Skill      XL: |  1  2  3 |
---------------+----------+-----
Armour         | 1 2 |  2.0
Shapeshifting  | 3 |  3.1
Fighting       | |  1.6
Dodging        | |  2.8
Stealth        | |  0.2
Unarmed Combat | |  3.3

Action                     || total
---------------------------++-------
  Melee: Unarmed           ||    83
         Headbutt          ||    10
         Punch             ||     3
   Stab: Sleeping          ||     1
 Armour: Animal skin       ||    33
  Dodge: Dodged            ||    42
